Map: Jagannatha LE

Players

JonSnow - Winner!

  • Race: Zerg Zerg
  • League: Grandmaster
  • Spawn Location: 1:00

MCanning

  • Race: Protoss Protoss
  • Spawn Location: 7:00

Event: DreamHack SC2 Masters 2020 Winter

VOD

Have the link to the VOD?

Description

Time

  • Played on: Oct. 31, 2020, 4:08 p.m.
  • Length: 18:57

All games in this series

Show
View Real Time Build Order
Export as new Build Order

JonSnow Zerg - Winner!

Build Orders: Hatch First 

Get SALT Encoding   

  12  0:01  Drone  
  13  0:13  Overlord  
  13  0:18  Drone  
  14  0:32  Drone x2  
  16  0:48  Hatchery  
  15  0:52  Drone  
  15  0:56  Drone  
  17  0:59  Drone  
  18  1:06  Extractor  
  17  1:15  Spawning Pool  
  16  1:18  Drone  
  16  1:22  Drone  
  18  1:30  Drone  
  19  1:40  Drone  
  20  1:49  Overlord  
  20  2:01  Queen x2  
  20  2:02  Zergling x2  
  20  2:03  Zergling x2  
  26  2:10  Unknown  
  26  2:12  Metabolic Boost  
  26  2:14  Drone x2  
  28  2:16  Unknown  
  28  2:17  Unknown  
  28  2:23  Drone x2  
  30  2:37  Hatchery  
  30  2:40  Drone  
  30  2:45  Drone x2  
  30  2:50  Queen  
  34  2:55  Zergling x4  
  36  2:59  Overlord  
  36  3:17  Drone x2  
  38  3:20  Zergling x8  
  38  3:26  Queen  
  44  3:33  Overlord x2  
  44  3:50  Lair, Queen  
  44  3:51  Drone  
  44  3:52  Drone x4  
  44  3:54  Drone  
  52  3:56  Drone  
  52  3:58  Drone  
  52  4:00  Drone  
  55  4:03  Drone  
  55  4:04  Drone  
  57  4:10  Spore Crawler  
  57  4:14  Roach Warren  
  57  4:15  Drone  
  56  4:17  Drone  
  56  4:18  Drone  
  56  4:23  Extractor  
  56  4:24  Extractor  
  55  4:32  Drone  
  55  4:33  Drone  
  55  4:34  Overlord x3  
  57  4:41  Overlord  
  56  4:50  Drone  
  56  4:51  Queen, Overlord x2  
  59  4:53  Drone x2  
  59  4:54  Drone  
  59  4:59  Glial Reconstitution  
  62  5:10  Nydus Network  
  62  5:11  Roach x3  
  66  5:17  Drone  
  66  5:18  Drone x4  
  66  5:19  Drone  
  72  5:23  Queen  
  72  5:26  Roach  
  76  5:30  Roach x2  
  80  5:36  Roach  
  80  5:37  Roach x2  
  80  5:39  Overseer  
  80  5:42  Overlord  
  86  5:43  Roach  
  86  5:45  Zergling x2  
  89  5:50  Extractor  
  89  5:51  Extractor  
  89  5:56  Nydus Canal  
  87  6:00  Roach x4, Zergling x6  
  96  6:10  Zergling x2  
  96  6:11  Zergling x12  
  101  6:18  Roach x3  
  107  6:23  Ravager  
  105  6:33  Roach x3, Zergling x2  
  105  6:36  Overlord  
  112  6:40  Drone x2  
  112  6:43  Drone  
  112  6:46  Extractor  
  112  6:53  Spire  
  110  6:59  Drone x7  
  117  7:08  Drone x3  
  112  7:16  Drone x5  
  112  7:21  Drone  
  118  7:24  Evolution Chamber  
  118  7:27  Drone x2  
  119  7:32  Drone  
  119  7:36  Drone, Overlord  
  119  7:37  Drone, Overlord  
  121  7:39  Hatchery  
  121  7:44  Overlord  
  121  7:48  Overlord  
  121  7:57  Overlord  
  121  7:58  Overlord x2  
  121  7:59  Zerg Missile Weapons Level 1  
  121  8:00  Drone x4  
  121  8:01  Extractor  
  124  8:07  Extractor  
  122  8:13  Mutalisk  
  122  8:14  Mutalisk x6  
  136  8:20  Mutalisk  
  136  8:21  Mutalisk x2  
  136  8:23  Mutalisk  
  136  8:26  Ravager x2  
  146  8:30  Spine Crawler  
  146  8:32  Ravager  
  146  8:33  Zergling x12  
  152  8:42  Zergling x10  
  157  8:53  Zergling x8  
  157  8:55  Overlord  
  161  8:57  Drone  
  156  9:11  Drone x7, Hatchery  
  161  9:24  Evolution Chamber, Baneling Nest  
  161  9:26  Corruptor  
  161  9:27  Corruptor  
  161  9:29  Corruptor  
  164  9:42  Overlord x2  
  164  9:43  Overlord  
  164  9:44  Drone x2  
  164  9:45  Drone x6  
  171  9:46  Drone x2  
  174  9:57  Zerg Melee Weapons Level 1  
  174  9:58  Zerg Ground Armor Level 1, Overlord  
  174  10:03  Ravager x4  
  174  10:05  Zergling x2  
  174  10:06  Zergling x10  
  183  10:10  Hatchery  
  178  10:15  Infestation Pit, Centrifical Hooks  
  171  10:22  Drone x5  
  171  10:24  Drone x3  
  176  10:29  Drone x9  
  185  10:39  Overlord  
  185  10:41  Zerg Flyer Weapons Level 1  
  185  10:44  Drone x2  
  187  10:52  Hive  
  187  10:53  Drone  
  177  11:17  Corruptor x3  
  177  11:18  Corruptor  
  181  11:20  Zergling x38  
  196  11:27  Zergling x2  
  196  11:28  Zergling x10  
  192  11:34  Corruptor  
  192  11:35  Corruptor x3  
  188  11:42  Extractor  
  188  11:43  Spore Crawler, Extractor  
  188  11:44  Spine Crawler  
  188  11:46  Spine Crawler  
  183  11:48  Overlord  
  183  11:50  Baneling  
  183  11:51  Baneling x9  
  183  11:55  Zergling x2  
  183  11:56  Zergling x26  
  183  11:57  Overseer  
  192  12:12  Zergling x2  
  192  12:13  Zergling x14  
  200  12:16  Zerg Melee Weapons Level 2  
  200  12:17  Zerg Ground Armor Level 2  
  200  12:18  Adrenal Glands  
  200  12:22  Baneling x15  
  192  12:34  Zergling x2  
  192  12:35  Zergling x32  
  175  12:45  Zergling x2  
  175  12:48  Zergling x4  
  175  12:49  Zergling x6  
  163  12:57  Greater Spire  
  156  13:00  Zergling x8  
  156  13:01  Zergling x6  
  156  13:04  Queen  
  163  13:09  Baneling x10, Roach  
  163  13:10  Roach x4  
  163  13:12  Baneling x11  
  171  13:13  Overseer  
  171  13:16  Extractor, Nydus Canal  
  171  13:18  Extractor, Roach  
  171  13:19  Roach x5  
  181  13:21  Baneling  
  181  13:23  Zergling x2  
  182  13:35  Zergling x2  
  182  13:36  Zergling x28  
  183  13:51  Drone x8  
  183  13:52  Queen  
  191  14:03  Zergling x20  
  191  14:07  Zergling x6  
  198  14:13  Zerg Flyer Weapons Level 2  
  186  14:32  Corruptor x2  
  163  14:46  Zergling x2  
  163  14:47  Zergling x10  
  163  14:49  Zergling x30  
  164  14:53  Zerg Melee Weapons Level 3, Zerg Ground Armor Level 3  
  164  14:56  Roach  
  164  14:59  Zergling x2  
  160  15:00  Zergling x8  
  160  15:06  Roach  
  175  15:07  Roach x5  
  175  15:12  Ravager x2  
  176  15:15  Hatchery  
  176  15:18  Baneling x20  
  175  15:27  Ravager x7  
  182  15:31  Zergling x18  
  190  15:41  Zergling x18  
  196  15:53  Zergling x18  
  189  15:57  Zergling x6  
  189  15:58  Zergling x6  
  189  16:04  Baneling x6  
  190  16:09  Overseer x2  
  189  16:12  Overseer x2  
  183  16:19  Overseer  
  183  16:23  Pneumatized Carapace  
  173  16:26  Roach x5  
  183  16:33  Drone x9  
  183  16:36  Spore Crawler  
  183  16:37  Spine Crawler  
  186  16:42  Baneling x7  
  186  16:49  Zerg Flyer Armor Level 1  
  184  16:54  Spine Crawler  
  184  16:57  Drone  
  184  16:58  Drone x10  
  184  17:08  Spore Crawler, Spine Crawler  
  184  17:10  Spine Crawler  
  184  17:11  Spore Crawler, Zergling x16  
  184  17:13  Baneling x3  
  184  17:14  Baneling x2  
  187  17:21  Baneling x2  
  187  17:22  Baneling  
  185  17:37  Zergling x2  
  185  17:38  Zergling x18  
  183  17:47  Zergling x8  
  179  17:53  Roach x6  
  185  18:00  Overseer  
  185  18:04  Roach x4  
  188  18:11  Hatchery  
  187  18:12  Extractor  
  187  18:14  Extractor  
  187  18:16  Baneling x16  
  187  18:17  Zergling x8  
  189  18:20  Zergling x2  
  189  18:21  Zergling x6  
  189  18:22  Baneling x8  
  193  18:28  Zergling x2  
  193  18:29  Zergling x6  
Show
View Real Time Build Order
Export as new Build Order

MCanning Protoss 

Build Orders: 1 Gate Expand 

Get SALT Encoding   

  12  0:00  Probe  
  13  0:12  Probe  
  14  0:20  Pylon  
  14  0:24  Probe  
  15  0:38  Gateway, Probe (Chrono Boost)  
  16  0:48  Assimilator, Probe (Chrono Boost)  
  17  0:53  Probe (Chrono Boost)  
  18  1:04  Probe  
  19  1:12  Unknown  
  19  1:13  Unknown x2  
  19  1:16  Probe  
  20  1:25  Nexus  
  20  1:35  Cybernetics Core  
  20  1:38  Probe  
  21  1:45  Pylon  
  21  1:50  Assimilator  
  21  1:53  Probe  
  22  2:01  Unknown  
  22  2:02  Unknown  
  22  2:05  Probe  
  23  2:09  Adept (Chrono Boost)  
  25  2:17  Probe  
  26  2:23  Stargate  
  27  2:30  Stalker (Chrono Boost), Probe  
  29  2:39  Probe  
  29  2:40  Warp Gate  
  29  2:42  Probe  
  31  2:51  Probe  
  32  2:54  Probe  
  33  3:00  Void Ray (Chrono Boost)  
  33  3:03  Probe  
  34  3:06  Probe  
  39  3:15  Probe  
  39  3:18  Probe  
  41  3:23  Gateway  
  41  3:27  Probe  
  41  3:29  Pylon  
  41  3:30  Probe  
  43  3:39  Probe  
  44  3:42  Probe  
  44  3:45  Twilight Council  
  44  3:48  Assimilator  
  45  3:50  Assimilator  
  45  3:51  Probe  
  45  3:53  Pylon  
  45  3:54  Probe  
  47  4:03  Probe  
  47  4:06  Gateway, Probe  
  47  4:08  Gateway  
  47  4:09  Gateway  
  49  4:15  Resonating Glaives (Chrono Boost), Probe  
  50  4:18  Probe  
  50  4:22  Pylon  
  51  4:28  Adept  
  51  4:29  Adept  
  55  4:32  Probe  
  55  4:33  Probe  
  57  4:44  Pylon, Probe  
  57  4:45  Probe  
  57  4:50  Adept x2  
  62  4:56  Nexus  
  62  4:58  Pylon  
  62  5:05  Adept x2  
  62  5:06  Adept  
  68  5:16  Adept x2  
  72  5:27  Probe  
  73  5:29  Adept x3  
  73  5:33  Probe  
  73  5:34  Robotics Facility  
  80  5:36  Assimilator  
  80  5:40  Forge  
  80  5:43  Sentry x2  
  84  5:50  Probe  
  84  5:53  Probe  
  86  5:57  Gateway  
  86  5:59  Gateway  
  86  6:01  Pylon  
  86  6:04  Blink (Chrono Boost)  
  86  6:05  Probe  
  86  6:06  Probe  
  86  6:10  Shield Battery  
  83  6:15  Stalker x2  
  86  6:19  Shield Battery  
  86  6:26  Robotics Bay  
  86  6:31  Shield Battery  
  86  6:32  Stalker  
  86  6:36  Immortal (Chrono Boost)  
  86  6:37  Shield Battery  
  82  6:42  Sentry  
  82  6:45  Pylon  
  75  6:51  Pylon  
  75  6:52  Probe x2  
  77  6:58  Adept x2  
  81  7:04  Probe (Chrono Boost)  
  83  7:11  Disruptor (Chrono Boost), Probe (Chrono Boost)  
  86  7:16  Probe (Chrono Boost)  
  86  7:18  Protoss Ground Weapons Level 1  
  86  7:20  Cybernetics Core  
  87  7:37  Phoenix  
  87  7:39  Observer (Chrono Boost)  
  87  7:40  Nexus  
  87  7:42  Pylon  
  90  7:51  Gateway x2  
  90  7:56  Photon Cannon  
  90  8:01  Probe  
  90  8:04  Photon Cannon  
  90  8:05  Phoenix (Chrono Boost)  
  91  8:09  Charge  
  93  8:18  Disruptor  
  96  8:25  Phoenix (Chrono Boost)  
  96  8:27  Probe  
  96  8:29  Probe  
  98  8:39  Probe  
  99  8:41  Probe  
  99  8:43  Shield Battery  
  99  8:47  Phoenix (Chrono Boost)  
  102  8:50  Stalker x2  
  106  8:59  Stalker x2  
  106  9:00  Stalker  
  112  9:06  Phoenix (Chrono Boost)  
  114  9:18  Fleet Beacon, Probe  
  114  9:20  Shield Battery  
  114  9:23  Probe  
  116  9:25  Probe  
  117  9:32  Probe  
  117  9:35  Photon Cannon, Phoenix (Chrono Boost)  
  120  9:39  Probe  
  120  9:41  Probe  
  120  9:43  Protoss Ground Weapons Level 2 (Chrono Boost)  
  121  9:53  Probe  
  121  9:55  Assimilator  
  121  9:57  Assimilator  
  122  10:04  Pylon, Anion Pulse-Crystals  
  121  10:10  Probe  
  121  10:12  Probe  
  121  10:13  Pylon  
  124  10:14  Probe  
  124  10:22  Pylon  
  124  10:23  Phoenix (Chrono Boost)  
  124  10:27  Stargate  
  117  10:29  Pylon  
  110  10:36  Disruptor (Chrono Boost)  
  110  10:39  Nexus, Templar Archives  
  113  10:44  Photon Cannon  
  113  10:46  Phoenix  
  115  10:54  Photon Cannon  
  115  10:56  Photon Cannon  
  115  11:00  Adept x2  
  115  11:02  Adept  
  121  11:05  Observer  
  113  11:18  Stalker x3  
  119  11:26  Disruptor  
  119  11:29  Probe (Chrono Boost)  
  123  11:39  Mothership (Chrono Boost)  
  131  11:46  Dark Shrine  
  131  11:51  Pylon, Probe  
  132  11:55  Observer  
  132  12:01  Phoenix (Chrono Boost)  
  130  12:06  Zealot x5  
  130  12:07  Zealot x2  
  148  12:10  Phoenix (Chrono Boost)  
  148  12:18  High Templar  
  148  12:22  Photon Cannon  
  150  12:23  Photon Cannon  
  146  12:32  High Templar x3  
  146  12:33  Probe  
  146  12:37  Zealot x3  
  155  12:42  Archon  
  155  12:43  Archon  
  151  12:50  Probe  
  133  12:51  Stalker x2  
  133  12:55  Probe  
  133  12:56  Probe  
  141  13:03  Probe (Chrono Boost)  
  142  13:07  Shield Battery  
  142  13:10  Probe (Chrono Boost)  
  142  13:11  Zealot x4, Probe (Chrono Boost)  
  152  13:19  Stargate  
  151  13:22  High Templar  
  151  13:24  Assimilator, Probe (Chrono Boost)  
  151  13:26  Zealot  
  155  13:27  Zealot  
  155  13:29  Assimilator  
  155  13:32  Carrier (Chrono Boost)  
  155  13:34  Probe  
  158  13:40  Zealot x3  
  166  13:45  High Templar  
  166  13:47  Probe  
  165  13:53  Protoss Air Weapons Level 1  
  163  13:56  Archon, Warp Prism (Chrono Boost)  
  163  14:02  Protoss Ground Weapons Level 3 (Chrono Boost)  
  161  14:04  Carrier (Chrono Boost), Probe  
  166  14:19  Zealot  
  166  14:20  Zealot x2  
  165  14:24  High Templar x2  
  165  14:29  Archon  
  165  14:30  Stalker x2  
  171  14:41  Probe (Chrono Boost)  
  142  14:54  Probe  
  142  14:57  Probe  
  144  15:03  Zealot x2  
  144  15:06  Pylon  
  146  15:07  Pylon  
  146  15:09  Pylon  
  146  15:10  Pylon  
  146  15:11  Pylon  
  146  15:21  Stalker  
  146  15:22  Stalker  
  146  15:26  Nexus  
  146  15:28  Photon Cannon  
  148  15:29  Photon Cannon  
  148  15:30  Photon Cannon  
  148  15:31  Shield Battery  
  148  15:33  Dark Templar  
  148  15:34  Dark Templar x2  
  148  15:35  Pylon  
  109  15:58  Probe  
  96  16:05  Stalker, Probe  
  96  16:06  Psionic Storm, Stalker x3  
  96  16:07  Probe  
  96  16:10  Probe  
  100  16:12  Dark Templar  
  100  16:13  Dark Templar  
  97  16:24  High Templar  
  95  16:32  High Templar  
  95  16:33  High Templar x2  
  95  16:38  Photon Cannon  
  95  16:39  Archon  
  101  16:40  Shield Battery  
  101  16:50  Dark Templar  
  101  16:53  Stalker  
  101  16:54  Stalker  
  107  16:57  Pylon  
  101  17:02  Archon  
  101  17:05  Stalker x3  
  101  17:06  Stalker  
  109  17:21  Stalker  
  109  17:24  Stalker  
  111  17:30  Nexus  
  111  17:34  Pylon  
  111  17:35  Probe  
  93  17:49  Immortal (Chrono Boost)  
  93  17:50  High Templar x2  
  93  17:51  High Templar, Zealot x3  
  97  17:52  Zealot  
  97  17:56  Archon  
  79  18:12  Dark Templar  
  79  18:15  High Templar x2  
  85  18:23  High Templar x2, Zealot  
  85  18:24  Zealot  
  97  18:29  Archon  
  96  18:40  Stalker x3  
  96  18:45  Archon  
  76  18:49  Stalker x2  
Tags
 
Add a new tag
Caveats
  • Supply blocks, unpowered buildings, or Contaminate may cause inaccurate times.
  • Supply counts are checked every 10 seconds.